 Dungeon Crawl Stone Soup version 0.31-a0-180-g519b7de00c (webtiles) character file.

Game seed: 7544330538765662752

457 qw the Chopper (level 7, -1/44 HPs)
             Began as a Gargoyle Fighter on June 19, 2023.
             Slain by a gnoll sergeant
             ... wielding a +4 spear of venom
              (11 damage)
             ... on level 5 of the Dungeon.
             The game lasted 00:01:45 (4110 turns).

qw the Chopper (Gargoyle Fighter)                   Turns: 4110, Time: 00:01:45

Health: -1/44      AC: 13    Str: 21    XL:     7   Next: 6%
Magic:  7/7        EV:  7    Int:  9    God:
Gold:   126        SH:  4    Dex:  9    Spells: 6/6 levels left

rFire   . . .        Y - +0 war axe
rCold   . . .        c - +0 buckler
rNeg    + . .        n - +0 chain mail
rPois   inf          (no helmet)
rElec   +            (no cloak)
rCorr   .            (no gloves)
SInv    .            (no boots)
Will    .....        (no amulet) Stlth
                     a - +4 ring of slaying {mikee}
HPRegen 0.27/turn    (no ring)
MPRegen 0.10/turn

%: no passive effects
@: no status effects
A: sickness immunity, AC +4, negative energy resistance 1, electricity
resistance, torment resistance 1, petrification resistance
a: no special abilities


You were on level 5 of the Dungeon.
You visited 1 branch of the dungeon, and saw 5 of its levels.

You collected 126 gold pieces.


Innate Abilities, Weirdness & Mutations

You are immune to sickness and miasma.
Your stone body is resilient. (AC +4)
You are immune to poison.
You resist negative energy. (rN+)
You are resistant to electric shocks. (rElec)
You are resistant to unholy torment.
You are immune to petrification.


   Skills:
 - Level 4.7 Fighting
 + Level 5.7 Axes
 - Level 1.6 Throwing
 - Level 3.2 Armour
 - Level 3.2 Shields


You had 6 spell levels left.
You didn't know any spells.
Your spell library was empty.

Inventory:

Hand Weapons
 f - a +0 flail
 Y - a +0 war axe (weapon)
Armour
 c - a +0 buckler (worn)
 n - a +0 chain mail (worn)
Jewellery
 a - a +4 ring of slaying (left hand) {mikee}
Scrolls
 b - a scroll of fear {unknown}
 k - 2 scrolls of identify
Potions
 d - 2 potions of might
 e - a potion of mutation
 g - a potion of haste
 h - a potion of heal wounds
 m - a potion of curing

Dungeon Overview and Level Annotations

Branches:
Dungeon (5/15)
 Temple: D:4-7

Altars:
Ashenzari
Ru
The Shining One

Shops:
D:3 (

Annotations:
D:2 1 runed translucent door, Crazy Yiuf
D:4 1 runed translucent door, qw's ghost, amateur NaHu


Message History

The adder barely misses you. x2
You slash the adder!
You kill the adder!
You start resting.
HP restored.
You now have 126 gold pieces (gained 10). 2 gnolls come into view.
The gnoll shouts! x2; You hear a shout! 2 gnolls come into view.
The gnoll shouts!
A gnoll comes into view. It is wielding a +0 spear.
A gnoll sergeant comes into view. It is wielding a +4 spear of venom.
Found 4 gold pieces.
The gnoll barely misses you. x2
You barely miss the gnoll. You closely miss the gnoll.
The gnoll hits you from afar with a +0 halberd. x2
The gnoll hits you but does no damage.
You slash the gnoll!
The gnoll is almost dead.
You closely miss the gnoll. The gnoll hits you with a +0 halberd.
The gnoll barely misses you. The gnoll hits you but does no damage.
The gnoll hits you with a +0 flail.
The gnoll sergeant hits you from afar with a +4 spear of venom!
You barely miss the gnoll.
The gnoll is almost dead.
You slash the gnoll! You block the gnoll's attack.
The gnoll hits you with a +0 halberd. You block the gnoll's attack.
The gnoll hits you but does no damage. The gnoll sergeant barely misses you.
You hit the gnoll.
You kill the gnoll!
You slash the gnoll!
You kill the gnoll!
An orc comes into view. It is wielding a +0 dagger.
The gnoll closely misses you.
The gnoll hits you from afar with a +0 halberd.
The gnoll sergeant hits you from afar with a +4 spear of venom.
The gnoll hits you from afar with a +0 halberd.
The gnoll sergeant hits you from afar with a +4 spear of venom!
You die...

.....# .o.$.#
......
##########.....
.........g....#
#.(.......ggg..#
#........)...#
#........)@..#
#..........!.#
........=...#
............#
####%....###
#.....# #.....#
#.....####
#.....##<#


You could see a gnoll sergeant, 3 gnolls and an orc (wandering).

Vanquished Creatures
  Eustachio (D:4)
  A centaur (D:4)
  A hound (D:4)
  An iguana (D:4)
  5 adders
  7 gnolls
  A worm (D:4)
  3 dart slugs
  4 orcs (D:4)
  8 endoplasms
  4 giant cockroaches
  6 goblins
  4 hobgoblins
  2 jackals (D:2)
  5 kobolds
  6 quokkas
  13 ball pythons
  4 bats
  3 frilled lizards
  10 rats
89 creatures vanquished.

Notes
Turn   | Place    | Note
-------+----------+-------------------------------------------
     0 | D:1      | qw the Gargoyle Fighter began the quest for the Orb.
     0 | D:1      | Reached XP level 1. HP: 14/14 MP: 1/1
     0 | D:1      | 0 ||| qw: Version: 0.3-a-7-ge0c9b40
     0 | D:1      | 0 ||| qw: Game counter: 961
     0 | D:1      | 0 ||| qw: Always use a shield: true
     0 | D:1      | 0 ||| qw: God list: Okawaru
     0 | D:1      | 0 ||| qw: Allow faded altars: false
     0 | D:1      | 0 ||| qw: Do Orc after D:15 true
     0 | D:1      | 0 ||| qw: Do second Lair branch before Depths: true
     0 | D:1      | 0 ||| qw: Lair rune preference: random
     0 | D:1      | 0 ||| qw: Plans: Normal, Zot:1-4, Slime:5, God:TSO, Crypt,
                  | Tomb, Abyss, Pan, Hells, Win
     0 | D:1      | 0 ||| PLANNING D:1-11
    30 | D:1      | Reached skill level 2 in Axes
   217 | D:1      | Reached XP level 2. HP: 19/19 MP: 2/2
   319 | D:1      | 319 ||| Stepping ~*~*~tactically~*~*~ (hiding).
   578 | D:1      | Reached skill level 3 in Axes
   601 | D:1      | Reached XP level 3. HP: 22/23 MP: 3/3
   920 | D:1      | 920 ||| READING scroll labelled IFREUH SULI.
  1319 | D:2      | 1319 ||| Stepping ~*~*~tactically~*~*~ (hiding).
  1330 | D:2      | Reached XP level 4. HP: 28/28 MP: 4/4
  1333 | D:2      | Reached skill level 4 in Axes
  1363 | D:2      | 1363 ||| DROPPING +0 club.
  1366 | D:2      | 1366 ||| DROPPING +2 whip of electrocution.
  1561 | D:2      | Found a runed translucent door.
  1562 | D:2      | Noticed Crazy Yiuf
  1633 | D:2      | 1633 ||| Stepping ~*~*~tactically~*~*~ (stealth).
  1634 | D:2      | 1634 ||| Stepping ~*~*~tactically~*~*~ (stealth).
  1819 | D:2      | 1819 ||| UPGRADING to +4 ring of slaying {mikee}.
  1820 | D:2      | 1820 ||| READING scroll labelled VUESEF VANIX.
  1837 | D:2      | 1837 ||| READING scroll labelled UTIFIE JENIMPU.
  1838 | D:2      | 1838 ||| READING scroll labelled QOCZUO HAWEEB.
  1839 | D:2      | 1839 ||| READING scroll labelled OTEPISCHI IFEA.
  1940 | D:2      | 1940 ||| READING scroll labelled VORIAR SEQ.
  1941 | D:2      | 1941 ||| DRINKING 2 murky clear potions.
  1968 | D:3      | Found a sacrificial altar of Ru.
  1973 | D:3      | 1973 ||| STAIRDANCE
  2037 | D:3      | 2037 ||| STAIRDANCE
  2286 | D:3      | Reached XP level 5. HP: 31/32 MP: 5/5
  2292 | D:3      | 2292 ||| Stepping ~*~*~tactically~*~*~ (stealth).
  2325 | D:3      | Found Yckecse's Weapon Boutique.
  2520 | D:3      | You fall into a shaft and drop 2 floors!
  2520 | D:5      | Entered Level 5 of the Dungeon
  2567 | D:5      | 2567 ||| UPGRADING to +0 chain mail.
  2577 | D:5      | 2577 ||| DROPPING +0 scale mail.
  2578 | D:5      | 2578 ||| READING 2 scrolls labelled VECIRGH JYIPLIA.
  2579 | D:5      | 2579 ||| DRINKING 2 silvery potions.
  2589 | D:5      | 2589 ||| DROPPING potion of ambrosia.
  2599 | D:4      | 2599 ||| PLANNING SEWER
  2650 | D:4      | Reached skill level 1 in Throwing
  2691 | D:4      | Found a broken altar of Ashenzari.
  2757 | D:4      | Found a glowing golden altar of the Shining One.
  2772 | D:4      | 2772 ||| Stepping ~*~*~tactically~*~*~ (stealth).
  2774 | D:4      | 2774 ||| Stepping ~*~*~tactically~*~*~ (hiding).
  2776 | D:4      | 2776 ||| Stepping ~*~*~tactically~*~*~ (hiding).
  2777 | D:4      | 2777 ||| Stepping ~*~*~tactically~*~*~ (hiding).
  2935 | D:4      | Noticed a centaur
  2940 | D:4      | HP: 5/32 [centaur/arrow (7)]
  2946 | D:4      | HP: 4/32 [centaur (3)]
  2950 | D:4      | Killed a centaur
  2951 | D:4      | Reached skill level 5 in Axes
  2951 | D:4      | Reached XP level 6. HP: 6/37 MP: 6/6
  3102 | D:4      | Found a runed translucent door.
  3102 | D:4      | Noticed qw's ghost (amateur NaHu)
  3195 | D:4      | Noticed Eustachio
  3237 | D:4      | Killed Eustachio
  3284 | D:4      | 3284 ||| RIP SEWER
  3345 | D:4      | 3345 ||| PLANNING D:1-11
  3345 | D:4      | 3345 ||| READING 2 scrolls of identify.
  3345 | D:4      | 3345 ||| IDENTIFYING fuming brown potion
  3645 | D:4      | 3645 ||| FLEEEEING.
  3649 | D:4      | 3649 ||| FLEEEEING.
  3650 | D:4      | 3650 ||| FLEEEEING.
  3651 | D:4      | 3651 ||| FLEEEEING.
  3824 | D:4      | Reached XP level 7. HP: 42/44 MP: 7/7
  3867 | D:4      | 3867 ||| Stepping ~*~*~tactically~*~*~ (stealth).
  3883 | D:4      | 3883 ||| Stepping ~*~*~tactically~*~*~ (water).
  4047 | D:4      | 4047 ||| DRINKING 2 pink potions.
  4048 | D:4      | 4048 ||| READING 4 scrolls of identify.
  4048 | D:4      | 4048 ||| IDENTIFYING blue potion
  4049 | D:4      | 4049 ||| READING 3 scrolls of identify.
  4049 | D:4      | 4049 ||| IDENTIFYING puce potion
  4050 | D:4      | 4050 ||| DROPPING potion of degeneration.
  4110 | D:5      | HP: 10/44 [gnoll/+0 halberd[a gnoll sergeant] (3)]
  4110 | D:5      | Slain by a gnoll sergeant

Levels and vault maps discovered:
D:1:      dpeg_arrival_pond, layout_basic
D:2:      layout_basic, serial_bayou_lake_a, uniq_crazy_yiuf_cottage
D:3:      layout_loops_ring, mainiacjoe_overflow_chevrons, serial_shops, shop
D:4:      layout_rooms, tso_metal_star, general_overflow_altar, serial_curves,
          eino_curves_02, eino_curves_03, gammafunk_ghost_grave,
          portal_sewer_entry_e, amcnicky_mini_rare_corridor_liquid, st_stairs_3,
          uniq_eustachio
D:5:      layout_basic, led_xom_imps, minmay_crystal_water

Skill      XL: |  1  2  3  4  5  6 |
---------------+-------------------+-----
Axes           | 2 3 4 5 |  5.7
Throwing       | 1 |  1.6
Fighting       | 4 |  4.7
Armour         | |  3.2
Shields        | |  3.2

Action                     |  1- 3 |  4- 6 |  7- 9 || total
---------------------------+-------+-------+-------++-------
  Melee: War axe           |    88 |   137 |    16 ||   241
  Throw: Javelin           |       |    25 |     7 ||    32
    Use: Scroll            |     1 |     7 |     2 ||    10
         Potion            |       |     2 |     1 ||     3
 Armour: Scale mail        |    43 |    32 |       ||    75
         Chain mail        |       |    51 |     4 ||    55
  Dodge: Dodged            |    25 |    59 |     9 ||    93
  Block: Buckler           |    15 |    37 |     2 ||    54

Table legend:
 A = Non-vault XP
 B = Vault XP
 C = Vault XP percentage of total XP
 D = Non-vault monster count
 E = Vault monster count
 F = Vault count percentage of total count
                 A         B        C        D         E       F
            +---------+---------+-------+---------+---------+-------
      Total |     465 |     216 |  31.7 |      78 |      11 |  12.4
            +---------+---------+-------+---------+---------+-------
        D:1 |      51 |       0 |   0.0 |      23 |       0 |   0.0
        D:2 |      94 |       0 |   0.0 |      20 |       0 |   0.0
        D:3 |      29 |       0 |   0.0 |      12 |       0 |   0.0
        D:4 |     250 |     216 |  46.4 |      20 |      11 |  35.5
        D:5 |      41 |       0 |   0.0 |       3 |       0 |   0.0
            +---------+---------+-------+---------+---------+-------
